Map: Year Zero LE

Players

Norpix

  • Race: Zerg Zerg
  • League: Diamond
  • Spawn Location: 1:00

nerlock - Winner!

  • Race: Terran Terran
  • League: Diamond
  • Spawn Location: 11:00

VOD

Have the link to the VOD?

Description

Time

  • Played on: April 1, 2019, 12:07 p.m.
  • Length: 21:53
Show
View Real Time Build Order
Export as new Build Order

Norpix Zerg 

Build Orders: Hatch First 

Get SALT Encoding   

  12  0:01  Drone  
  13  0:13  Overlord  
  13  0:18  Drone  
  14  0:31  Drone x2  
  14  0:35  Drone  
  17  0:56  Hatchery, Drone  
  17  1:00  Drone  
  18  1:11  Extractor  
  17  1:16  Spawning Pool  
  16  1:19  Drone  
  16  1:23  Drone  
  18  1:29  Drone  
  19  1:40  Overlord  
  19  1:51  Drone  
  20  2:04  Queen  
  20  2:05  Zergling x2  
  23  2:09  Zergling x2  
  23  2:10  Queen  
  23  2:12  Zergling x2  
  27  2:21  Roach Warren  
  26  2:23  Drone  
  26  2:24  Drone  
  26  2:29  Drone  
  29  2:43  Drone x2  
  29  2:44  Overlord  
  31  2:50  Queen  
  33  2:54  Drone  
  33  2:56  Drone  
  35  3:03  Overlord  
  35  3:15  Roach x3  
  35  3:17  Roach  
  43  3:21  Roach  
  45  3:34  Baneling Nest  
  44  3:36  Lair  
  44  3:40  Queen  
  46  4:04  Drone x4  
  46  4:09  Overlord  
  50  4:12  Hatchery  
  49  4:26  Drone x3  
  49  4:28  Drone x4  
  56  4:32  Overlord  
  56  4:36  Overlord  
  56  4:54  Drone x6  
  56  4:57  Extractor x2  
  60  5:13  Metabolic Boost  
  60  5:20  Glial Reconstitution, Drone x2  
  62  5:33  Drone x7  
  69  5:39  Overseer  
  69  5:45  Pneumatized Carapace  
  69  5:47  Centrifical Hooks  
  69  5:51  Spore Crawler  
  69  5:52  Drone  
  69  5:55  Spore Crawler  
  69  5:56  Drone  
  69  5:58  Zergling x14  
  69  5:59  Zergling x2  
  77  6:16  Overlord x3  
  77  6:17  Overlord  
  75  6:29  Overlord x2  
  75  6:30  Overlord  
  75  6:33  Spore Crawler  
  74  6:46  Baneling x14  
  74  6:47  Baneling x2  
  73  6:55  Overlord x4  
  73  7:00  Hydralisk Den  
  70  7:02  Extractor  
  69  7:11  Overlord x3  
  69  7:14  Drone x6  
  69  7:36  Grooved Spines  
  69  7:37  Hydralisk x4  
  77  7:58  Queen  
  79  8:19  Overlord x3  
  79  8:20  Overlord  
  79  8:29  Nydus Network  
  79  8:31  Hydralisk x6  
  79  8:32  Roach  
  79  8:33  Roach x3  
  96  8:47  Muscular Augments  
  96  9:03  Ravager  
  96  9:04  Ravager x4  
  96  9:06  Hatchery  
  100  9:11  Roach  
  100  9:12  Roach x3  
  108  9:17  Overseer  
  108  9:20  Overseer  
  108  9:25  Overseer  
  108  9:38  Infestation Pit  
  107  9:44  Drone x13  
  107  9:45  Extractor x2, Drone x2  
  111  10:14  Spawning Pool  
  105  10:34  Roach x2  
  105  10:35  Roach x6  
  106  10:58  Drone x23  
  106  10:59  Drone  
  130  11:07  Evolution Chamber x2  
  119  11:26  Hive  
  119  11:27  Spire  
  118  11:42  Hydralisk  
  118  11:43  Hydralisk x11  
  118  11:46  Overlord x4  
  142  11:51  Zergling x2  
  136  12:17  Roach x2  
  136  12:18  Roach x3  
  140  12:40  Greater Spire  
  140  12:42  Extractor, Corruptor x3  
  140  12:43  Corruptor  
  147  12:44  Extractor  
  147  12:50  Roach  
  147  12:51  Roach x2  
  148  13:14  Extractor  
  148  13:15  Extractor  
  131  13:29  Zergling x4  
  131  13:30  Zergling x8  
  137  13:36  Drone  
  137  13:37  Drone x5  
  143  14:03  Nydus Canal  
  118  14:25  Extractor  
  95  14:37  Zergling x24  
  106  14:41  Zergling x6  
  106  14:43  Queen  
  108  14:54  Drone x5  
  105  15:37  Brood Lord x3  
  105  15:41  Drone x13  
  97  16:46  Zergling x2  
  97  16:47  Zergling x24  
  105  16:48  Zergling x2  
  105  16:53  Zerg Missile Weapons Level 1  
  111  16:56  Zerg Melee Weapons Level 1  
  111  17:01  Adrenal Glands  
  111  17:17  Hatchery  
  111  17:20  Extractor  
  111  17:21  Extractor  
  83  17:41  Lair  
  66  17:57  Corruptor  
  61  17:59  Zergling x10  
  61  18:00  Zergling x8  
  23  19:02  Brood Lord  
  23  19:08  Zergling x10  
  27  19:30  Zergling x2  
Show
View Real Time Build Order
Export as new Build Order

nerlock Terran - Winner!

Build Orders:  

Get SALT Encoding   

  12  0:02  SCV  
  13  0:14  SCV  
  13  0:20  Supply Depot  
  14  0:26  SCV  
  15  0:42  SCV  
  16  0:44  Barracks  
  16  0:47  Refinery  
  16  0:54  SCV  
  17  1:06  SCV  
  18  1:18  SCV  
  19  1:35  Command Center  
  19  1:43  Orbital Command  
  19  1:47  Marine  
  20  2:03  Engineering Bay  
  20  2:09  SCV  
  21  2:16  Factory  
  21  2:29  SCV  
  22  2:41  SCV  
  23  2:48  Planetary Fortress  
  23  2:53  SCV  
  24  3:02  Factory Tech Lab  
  24  3:05  SCV  
  25  3:07  Command Center  
  25  3:08  Refinery  
  25  3:17  SCV  
  26  3:23  Refinery  
  26  3:29  SCV  
  26  3:30  Factory Tech Lab  
  27  3:39  SCV  
  28  3:43  Starport  
  28  3:46  SCV  
  29  3:48  Refinery  
  29  4:00  Factory Tech Lab  
  29  4:02  Missile Turret  
  29  4:06  Missile Turret  
  29  4:12  Missile Turret  
  29  4:13  SCV x2  
  31  4:19  Missile Turret x2  
  31  4:22  Hi-Sec Auto Tracking  
  31  4:25  SCV  
  31  4:28  Banshee  
  35  4:37  SCV x2  
  37  4:49  SCV x2, Corvid Reactor  
  39  5:07  SCV x2  
  41  5:19  SCV  
  42  5:36  SCV x2  
  44  5:48  SCV x2  
  46  5:50  Viking  
  46  5:51  Starport  
  48  6:00  SCV x2  
  50  6:04  Planetary Fortress  
  50  6:12  SCV x2  
  52  6:24  SCV  
  53  6:35  Supply Depot x3  
  53  6:55  Neosteel Armor  
  53  6:56  SCV x2, Raven x2, Refinery  
  53  6:57  Supply Depot  
  53  6:59  Missile Turret  
  53  7:00  Supply Depot  
  59  7:01  Missile Turret, Refinery  
  59  7:02  Supply Depot  
  59  7:04  Supply Depot  
  59  7:05  Supply Depot  
  59  7:08  SCV x2  
  59  7:14  SCV  
  62  7:15  Armory  
  62  7:17  Armory  
  62  7:20  SCV x2, Infernal Pre-Igniter  
  64  7:23  Missile Turret  
  64  7:26  Factory  
  64  7:33  SCV x2  
  64  7:34  Factory  
  66  7:38  Supply Depot  
  66  7:39  Raven  
  68  7:45  SCV  
  71  7:51  Hellion  
  71  7:55  SCV x2  
  71  7:57  SCV  
  74  8:12  Hellion, Terran Vehicle And Ship Armor Level 1, Terran Vehicle Weapons Level 1  
  76  8:19  Factory Reactor  
  76  8:26  Factory Reactor  
  76  8:32  Command Center  
  78  8:34  Hellbat  
  78  8:35  Starport  
  78  8:37  Starport  
  78  8:38  Raven x2  
  82  8:50  Supply Depot  
  82  8:52  SCV x3, Supply Depot  
  87  8:55  Hellbat  
  87  9:13  Starport Tech Lab  
  87  9:17  Hellbat  
  89  9:20  Hellion x2, Raven  
  89  9:21  Raven  
  89  9:24  Hellion x2, Hellbat x2, Starport Tech Lab  
  99  9:28  Hellion x5  
  99  9:38  Hellbat  
  101  9:45  Hellion, Hellbat  
  105  9:54  SCV x2  
  105  9:59  Hellbat  
  109  10:03  Raven  
  111  10:13  Hellion x3  
  105  10:25  Raven x3  
  107  10:30  Hellion, Hellbat  
  107  10:31  Hellion, Hellbat x2  
  115  10:46  Raven  
  117  10:52  Hellion x2, Hellbat x3  
  116  10:59  Hellion x6, Planetary Fortress  
  116  11:03  SCV  
  111  11:04  SCV x2, Refinery  
  111  11:05  Missile Turret  
  111  11:06  Missile Turret, Refinery  
  111  11:08  Raven  
  115  11:13  Hellion  
  115  11:16  SCV x3  
  115  11:17  Hellion, Hellbat x3  
  122  11:28  SCV x3  
  123  11:34  Hellion  
  123  11:38  Hellion, Hellbat x2  
  131  11:40  SCV x3  
  134  11:49  Hellbat  
  134  11:51  Terran Vehicle And Ship Armor Level 2  
  134  11:52  SCV x3, Terran Vehicle Weapons Level 2  
  139  11:55  Raven x3  
  139  11:56  Hellion, Raven  
  139  11:59  Hellbat  
  145  12:08  Hellion x7  
  145  12:15  Hellion, Hellbat x2  
  145  12:17  Hellion  
  145  12:21  Hellbat  
  141  12:36  Hellion  
  141  12:37  Hellbat  
  145  12:38  Raven  
  145  12:41  Raven x3  
  145  12:42  Hellion  
  145  12:44  SCV  
  156  12:48  Supply Depot  
  156  12:51  Supply Depot x3  
  156  12:52  Supply Depot  
  156  13:02  Hellion x8  
  156  13:05  SCV x2  
  156  13:07  Hellion x6  
  156  13:09  Hellbat  
  156  13:10  SCV  
  147  13:14  Hellion, Hellbat x3  
  147  13:17  SCV x2  
  157  13:21  Raven  
  157  13:22  SCV  
  157  13:24  Raven x3  
  166  13:29  SCV x2  
  166  13:30  Hellbat  
  171  13:34  SCV  
  171  13:35  Hellion, Hellbat  
  171  13:36  Hellbat x2  
  179  13:41  SCV  
  180  13:52  Hellion  
  180  13:53  Hellion x10  
  166  13:55  Command Center  
  166  13:56  Hellion  
  166  13:57  Hellion  
  166  14:00  Refinery  
  158  14:03  Refinery  
  158  14:04  Command Center, Raven  
  158  14:05  Refinery  
  160  14:10  Refinery  
  160  14:11  Hellion  
  160  14:12  Hellion  
  160  14:13  Hellion  
  166  14:18  Hellion  
  158  14:46  Raven x2  
  158  14:47  Raven x2  
  158  14:51  Terran Vehicle And Ship Armor Level 3  
  164  15:05  Hellion x7  
  143  15:19  Refinery  
  143  15:20  Planetary Fortress  
  143  15:21  Command Center  
  139  15:25  Refinery  
  138  15:29  Raven x2  
  138  15:33  Raven  
  138  15:34  Raven  
  143  15:45  Hellion  
  143  15:46  Hellion x3  
  127  16:05  Command Center  
  127  16:12  Command Center, Raven  
  127  16:14  SCV x4  
  125  16:26  SCV x4  
  125  16:31  Refinery  
  125  16:32  Refinery  
  129  16:35  Raven x3  
  129  16:38  SCV x2  
  129  16:55  Raven  
  131  17:09  Planetary Fortress  
  131  17:18  Raven  
  131  17:21  Raven x2  
  134  17:38  Raven  
  134  17:43  Hellbat x2  
  134  17:44  Hellbat x2  
  134  18:10  Hellion x4  
  134  18:28  Hellbat x4  
  142  18:42  Command Center  
  142  18:46  Command Center  
  133  19:03  Hellion x4  
  133  19:21  Command Center  
  133  19:28  Command Center  
  132  19:41  Command Center  
  132  20:25  Command Center  
  132  20:28  Command Center  
  132  20:34  Planetary Fortress  
  132  20:35  Command Center  
  132  20:38  Command Center  
  128  21:01  Planetary Fortress  
  128  21:04  Refinery  
  127  21:17  Refinery  
  123  21:21  Refinery  
  122  21:30  Refinery  
  122  21:32  Refinery  
Tags
 
Add a new tag
Caveats
  • Supply blocks, unpowered buildings, or Contaminate may cause inaccurate times.
  • Supply counts are checked every 10 seconds.